 Dungeon Crawl Stone Soup version 0.31-a0-496-g6f97920a28 (webtiles) character file.

Game seed: 8447094721614586067

14 AstroCodex24 the Trooper (level 2, 0/24 HPs)
             Began as a Vampire Fighter on Aug 8, 2023.
             Slain by a river rat (6 damage)
             ... on level 3 of the Dungeon.
             The game lasted 00:02:36 (562 turns).

AstroCodex24 the Trooper (Vampire Fighter)           Turns: 562, Time: 00:02:36

Health: 0/24       AC:  6    Str: 15    XL:     2   Next: 31%
Magic:  2/2        EV:  8    Int: 10    God:
Gold:   49         SH:  4    Dex: 13    Spells: 1/1 levels left

rFire   . . .        a - +0 war axe
rCold   . . .        c - +0 buckler
rNeg    . . .        b - +0 scale mail
rPois   .            (no helmet)
rElec   .            (no cloak)
rCorr   .            (no gloves)
SInv    +            (no boots)
Will    .....        (no amulet) Stlth
                     (no ring)
HPRegen 0.44/turn    (no ring)
MPRegen 0.08/turn

%: no passive effects
@: healing quickly
A: alive, fangs 3, see invisible, vampiric 1
a: Exsanguinate


You were on level 3 of the Dungeon.
You visited 1 branch of the dungeon, and saw 3 of its levels.

You collected 49 gold pieces.

Inventory:

Hand Weapons
 a - a +0 war axe (weapon)
Armour
 b - a +0 scale mail (worn)
 c - a +0 buckler (worn)
Scrolls
 f - 2 scrolls of teleportation {unknown}
 g - a scroll of fear {unknown}
 h - a scroll of silence {unknown}
 i - a scroll of identify {unknown}
Potions
 d - a potion of might
 e - a potion of attraction {unknown}


   Skills:
 + Level 3.0 Fighting
 + Level 1.8 Axes
 + Level 2.6 Armour
 + Level 2.9 Shields


You had one spell level left.
You didn't know any spells.
Your spell library contained the following spells:

 Spells                   Type           Power      Damage    Failure   Level
 Wereblood                Tmut           0%         N/A       96%         2
 Irradiate                Conj/Tmut      0%         3d11      100%        5


Dungeon Overview and Level Annotations

Branches:
Dungeon (3/15)

Altars:

Portals:
Sewer: D:3


Innate Abilities, Weirdness & Mutations

Your natural rate of healing is accelerated.
You have razor-sharp teeth.
You have supernaturally acute eyesight. (SInv)
You are afflicted with vampirism.


Message History

You add the spells Wereblood and Irradiate to your library.
There is a stone staircase leading down here.
You climb downwards.
You hear the sound of rushing water.
There is an entrance to a sewer on this level.
Hurry and find it before the portal rusts away!
There is a stone staircase leading up here.
Found 13 gold pieces and 2 stones.
Found a scroll labelled QYIGIR MOER.
You now have 49 gold pieces (gained 13).
i - a scroll labelled QYIGIR MOER You hear the slow rusting of a drain.
You open the door.
A ball python, 2 river rats, 2 giant cockroaches and 2 rats come into view.
The ball python hisses angrily.
The giant cockroach moves out of view.
The rat moves out of view.
Found a glowing drain.
You hit the ball python.
You kill the ball python!
You barely miss the river rat. You hit the river rat.
The river rat is lightly wounded.
You hit the river rat but do no damage. The river rat bites you.
The river rat bites you but does no damage.
The river rat bites you. x2
You closely miss the river rat.
The river rat is lightly wounded.
You hit the river rat but do no damage. The river rat bites you. x2
* * * LOW HITPOINT WARNING * * *
You closely miss the river rat.
The river rat is lightly wounded.
You hit the river rat but do no damage.
The river rat twitches its whiskers.
The river rat barely misses you. The river rat bites you.
* * * LOW HITPOINT WARNING * * *
The river rat closely misses you. The giant cockroach closely misses you.
You closely miss the river rat. Your bite misses the river rat.
You closely miss the giant cockroach. You hit the river rat.
The giant cockroach bites you but does no damage.
The river rat bites you.
You die...

##### ... ... .#### #.# #
.#~~~r#r#.#
#~~~BB@#.######
#~~∩r#r.......# .#~~~
#.######.######### .#~~
#.######..........
..######..............###
......................#
........#.^...........#
........#..........(..#
+#......#.............#


You could see 2 river rats, 2 giant cockroaches and 2 rats.

Vanquished Creatures
  3 ball pythons
  3 goblins
  A quokka (D:2)
  A bat (D:1)
  2 frilled lizards (D:1)
  2 kobolds (D:1)
  3 rats
15 creatures vanquished.

Notes
Turn   | Place    | Note
-------+----------+-------------------------------------------
     0 | D:1      | AstroCodex24 the Vampire Fighter began the quest for the
                  | Orb.
     0 | D:1      | Reached XP level 1. HP: 17/17 MP: 1/1
    21 | D:1      | Found a faded altar of an unknown god.
   296 | D:1      | Reached XP level 2. HP: 23/23 MP: 2/2
   464 | D:2      | Reached skill level 3 in Fighting
   556 | D:3      | Found a glowing drain.
   562 | D:3      | Slain by a river rat

Illustrated notes

Levels and vault maps discovered:
D:1:      nicolae_arrival_somewhat_less_tricky_arrival, layout_basic,
          basic_ecumenical_altar, minmay_ruptured
D:2:      layout_rooms, serial_shops, shop, hangedman_decor_push
D:3:      layout_basic, grunt_temple_overflow_open, portal_sewer_entry_c

Skill      XL: |  1  2 |
---------------+-------+-----
Fighting       | 3 |  3.0
Axes           | |  1.8
Armour         | |  2.6
Shields        | |  2.9

Action                     || total
---------------------------++-------
  Melee: War axe           ||    34
         Bite              ||     2
 Armour: Scale mail        ||    20
  Dodge: Dodged            ||    22
  Block: Buckler           ||     6

Table legend: (Time is in decaauts)
 A = Elapsed time spent in this place.
 B = Non-inter-level travel time spent in this place.
 C = Inter-level travel time spent in this place.
 D = Time resting spent in this place.
 E = Time spent auto-exploring this place.
 F = Levels seen in this place.
 G = Mean time per level.
                   A        B        C        D        E       F      G
               +--------+--------+--------+--------+--------+-----+--------+
         Total |    576 |    558 |     18 |      0 |      0 |   3 |  192.0 |
       Dungeon |    576 |    558 |     18 |      0 |      0 |   3 |  192.0 |
               +--------+--------+--------+--------+--------+-----+--------+

Top non-repeatable levels by time:
     D:1: 431 daAuts
     D:2: 81 daAuts
     D:3: 64 daAuts
